 Dungeon Crawl Stone Soup version 0.22.1-1-ga44c0e5 (webtiles) character file.

263868 Stepladder the Acrobat (level 20, -13/147 HPs)
             Began as a Merfolk Gladiator on Oct 2, 2018.
             Was the Champion of Makhleb.
             Mangled by a saltling (23 damage)
             ... summoned by a halazid warlock
             ... in the Desolation of Salt on Oct 4, 2018.
             The game lasted 06:31:01 (58453 turns).

Stepladder the Acrobat (Merfolk Gladiator)         Turns: 58453, Time: 06:31:02

Health: -13/147    AC: 13    Str: 25    XL:     20   Next: 3%
Magic:  0/32       EV: 29    Int: 11    God:    Makhleb [******]
Gold:   1042       SH:  5    Dex: 17    Spells: 14/27 levels left

rFire    + + .     SeeInvis +   R - +9 scimitar of Valiance {drain, rF+ rC+ rN+ SInv}
rCold    + . .     Gourm    .   L - +0 buckler
rNeg     + . .     Faith    .   w - +0 ring mail {rF+}
rPois    +         Spirit   +   y - +2 hat {MR+}
rElec    .         Reflect  .   U - +0 cloak {rPois}
rCorr    +         Harm     .   Y - +2 pair of gloves {archery}
MR       ++...                  (no boots)
Stlth    +.........             u - amulet of guardian spirit
HPRegen  0.34/turn              K - ring of resist corrosion
MPRegen  0.23/turn              l - ring "Gor Ydwo" {EV+2 Str+2}

@: mighty, studying Armour, drained
A: change form in water, swift swim, stealthy swim, frail 1
}: 2/15 runes: barnacled, gossamer
a: Minor Destruction, Lesser Servant of Makhleb, Major Destruction, Greater
Servant of Makhleb, Renounce Religion


You were in the Desolation of Salt.
You worshipped Makhleb.
Makhleb was exalted by your worship.
You were not hungry.

You visited 7 branches of the dungeon, and saw 35 of its levels.
You also visited: Desolation.

You collected 3832 gold pieces.
You spent 2790 gold pieces at shops.

Inventory:

Hand Weapons
 E - the cursed +1 scimitar "Xeylouho" {flame, SInv}
   (You bought it in a shop on level 1 of the Shoals)

   It has been specially enchanted to burn those struck by it, causing extra
   injury to most foes and up to half again as much damage against particularly
   susceptible opponents.
   Big, fiery blades are also staple armaments of hydra-hunters.
   It lets you see invisible.
   It has a curse placed upon it.
 M - a +7 demon blade
 R - the +9 scimitar of Valiance (weapon) {drain, rF+ rC+ rN+ SInv}
   (You bought it in a shop on level 2 of the Orcish Mines)

   A truly terrible weapon, it drains the life of those it strikes.
   It protects you from fire.
   It protects you from cold.
   It protects you from negative energy.
   It lets you see invisible.
Missiles
 d - 11 throwing nets
 v - 8 poisoned tomahawks
 D - 34 javelins of penetration
 X - 9 tomahawks of returning (quivered)
Armour
 b - a +0 shield
 w - a +0 ring mail of fire resistance (worn)
 y - a +2 hat of magic resistance (worn)
 L - a +0 buckler (worn)
 U - a +0 cloak of poison resistance (worn)
 V - a +0 pair of gloves of strength
 Y - a +2 pair of gloves of archery (worn)
Jewellery
 l - the ring "Gor Ydwo" (right hand) {EV+2 Str+2}
   (You found it on level 10 of the Dungeon)

   [ring of evasion]

   It affects your evasion (+2).
   It affects your strength (+2).
 u - an amulet of guardian spirit (around neck)
 J - an uncursed ring of protection from magic
 K - a ring of resist corrosion (left hand)
 P - an uncursed ring of protection from cold
 T - an uncursed ring of see invisible
Wands
 a - a wand of paralysis (16)
 e - a wand of digging (35)
 F - a wand of acid (9)
 H - a wand of iceblast (23)
 S - a wand of clouds (13)
Scrolls
 c - 3 scrolls of identify
 i - 5 scrolls of teleportation
 j - 3 scrolls of fog
 m - 9 scrolls of remove curse
 G - 2 scrolls of fear
 Z - 3 scrolls of blinking
Potions
 n - 6 potions of ambrosia
 o - 2 potions of mutation
 q - 5 potions of lignification
 z - 9 potions of curing
 A - 3 potions of might
 N - a potion of haste
 W - a potion of berserk rage
Books
 x - a manual of Armour
Miscellaneous
 g - a lightning rod (4/4)
 t - a fan of gales
 C - a phial of floods
 I - a lamp of fire
Comestibles
 f - 43 rations


   Skills:
 + Level 16.0(15.1) Fighting
 - Level 14.0(13.1) Long Blades
 - Level 2.0(1.3) Throwing
 - Level 10.2(9.4) Armour
 + Level 22.9(21.8) Dodging
 - Level 2.0(1.3) Stealth
 - Level 4.0(3.3) Shields
 - Level 4.1(3.4) Spellcasting
 - Level 4.0(3.4) Hexes
 - Level 1.1(0.5) Charms
 + Level 11.1(10.3) Summonings
 - Level 4.5(3.9) Transmutations
 - Level 5.6(4.9) Ice Magic
 - Level 16.0(15.0) Invocations


You had 14 spell levels left.
You knew the following spells:

 Your Spells              Type           Power        Failure   Level  Hunger
a - Passwall              Tmut/Erth      #.......     26%         2    ###....
b - Call Imp              Summ           ###.....     1%          2    ###....
c - Summon Ice Beast      Ice/Summ       ###.....     17%         4    #####..
d - Summon Guardian Gole  Hex/Summ       ###.....     7%          3    ###....
e - Swiftness             Chrm/Air       #.......     47%         2    ###....

Your spell library contained the following spells:

 Spells                   Type           Power        Failure   Level  Hunger
 Summon Small Mammal      Summ           ###.         1%          1    #......
 Call Canine Familiar     Summ           ###.....     1%          3    ###....
 Confusing Touch          Hex            #.....       10%         1    #......
 Confuse                  Hex            #.......     28%         3    ###....
 Sandblast                Erth           #.....       36%         1    #......
 Shock                    Conj/Air       #...         36%         1    #......
 Sting                    Conj/Pois      #...         36%         1    #......
 Summon Lightning Spire   Summ/Air       ##......     43%         4    #####..
 Corpse Rot               Necr           N/A          52%         2    ###....
 Poisonous Vapours        Pois/Air       #.....       52%         2    ###....
 Cause Fear               Hex            #.........   67%         4    #####..
 Gell's Gravitas          Tloc           #.........   75%         3    ###....
 Mephitic Cloud           Conj/Pois/Air  #.......     75%         3    ###....
 Static Discharge         Conj/Air       #.......     75%         3    ###....
 Stone Arrow              Conj/Erth      #.....       75%         3    ###....
 Summon Forest            Summ/Tloc      ##........   78%         5    ######.
 Petrify                  Tmut/Erth      #.......     87%         4    #####..
 Leda's Liquefaction      Hex/Erth       #.........   89%         4    #####..
 Metabolic Englaciation   Hex/Ice        ##........   89%         5    ######.
 Yara's Violent Unravell  Hex/Tmut       #.........   94%         5    ######.
 Airstrike                Air            #.........   98%         4    #####..
 Olgreb's Toxic Radiance  Pois           #.......     98%         4    #####..
 Irradiate                Conj/Tmut      #.........   99%         5    ######.
 Silence                  Hex/Air        #.........   99%         5    ######.
 Summon Hydra             Summ           ###.......   99%         7    #######
 Lee's Rapid Deconstruct  Erth           #.........   100%        5    ######.
 Lightning Bolt           Conj/Air       #.........   100%        5    ######.
 Venom Bolt               Conj/Pois      #.........   100%        5    ######.
 Deflect Missiles         Chrm/Air       #.........   100%        6    #######
 Hydra Form               Tmut           ##........   100%        6    #######
 Statue Form              Tmut/Erth      #........    100%        6    #######
 Dragon Form              Tmut           ##........   100%        7    #######
 Discord                  Hex            #.........   100%        8    #######


Dungeon Overview and Level Annotations

Branches:
Dungeon (15/15)            Temple (1/1) D:6            Lair (6/6) D:8
 Shoals (4/4) Lair:2       Spider (4/4) Lair:3        Slime (0/5) Lair:5
    Orc (2/2) D:11            Elf (0/3) Orc:2        Vaults (3/5) D:13
  Crypt (0/3) Vaults:2     Depths (0/5) D:15

Altars:
Ashenzari
Cheibriados
Dithmenos
Elyvilon
Fedhas
Gozag
Hepliaklqana
Kikubaaqudgha
Makhleb
Nemelex Xobeh
Okawaru
Qazlal
Ru
Sif Muna
Trog
Uskayaw
Vehumet
Wu Jian
Xom
Yredelemnul
Zin
The Shining One
Jiyva

Shops:
D:10 *   D:12 :   D:15 *   Orc:2 **((}   Shoals:1 [(   Vaults:1 (   Vaults:2 *

Portals:
Trove: D:14 (give 8 potions of agility)

Annotations:
D:2 Sigmund
Lair:2 exclusion: 4 oklob plants
Lair:4 exclusion: oklob plant
Lair:5 exclusion: 2 oklob plants


Innate Abilities, Weirdness & Mutations

You revert to your normal form in water.
You are very nimble and swift while swimming.
You are very stealthy in the water. (Stealth+)
You are frail. (-10% HP)


Message History

The crystal bolt misses you.
The crystal bolt freezes the vampiric long sword.
The vampiric long sword resists.
The peacekeeper roars a battlecry!
The golems go into a battle-frenzy!
The peacekeeper misses you. You block the peacekeeper's attack.
The halazid warlock misses you.
The crystal guardian hits you but does no damage.
The vampiric long sword hits you but does no damage.
The halazid warlock points at you and mumbles some strange words.
The bolt of cold hits the crystal guardian.
The crystal guardian completely resists.
The bolt of cold hits you! You resist.
* * * LOW HITPOINT WARNING * * *
You feel better. You block the peacekeeper's attack. The peacekeeper claws you!
* * * LOW HITPOINT WARNING * * *
The vampiric long sword barely misses you.
The crystal guardian hits you but does no damage.
The saltling hits you!!
You die...

§§§§.............§§§
§.§§§..§§............§§§§
§§§§§§.§§...#........§§§.§§
.§§§§.§.§..............§.§.
§§.§.§..................§§.
§.§§..............#........
§.............(8(..#.......
....#.........88(..........
............p8L8@..........
...............8...........
...........................
.......).......∩...........
...........................
.§.§......#................
§§..§.....#.............#.§
§§§§§§...................#§
§§§§§§...................§§


You could see a ragged hierophant, a halazid warlock, a crystal guardian, 2
peacekeepers, 3 saltlings and 3 dancing weapons.

Vanquished Creatures
  Polyphemus (Shoals:2)
  Ilsuiw (Shoals:2)
  Kirke (Shoals:2)
  Frances (Shoals:2)
  4 ghost moths
  8 emperor scorpions
  An orc warlord (Orc:1)
  3 vault wardens
  A vampire knight (Vaults:2)
  A ghoul (Vaults:2)
  3 stone giants (Vaults:2)
  5 entropy weavers
  2 ironheart preservers
  A spark wasp (Spider:3)
  3 merfolk javelineers (Shoals:2)
  2 fire dragons
  10 merfolk impalers
  2 yaktaur captains
  2 great orbs of eyes (Vaults:2)
  2 vault guards
  6 hydras
  A rakshasa (D:14)
  5 merfolk aquamancers
  3 centaur warriors
  A two-headed ogre (shapeshifter) (D:14)
  A death knight (Vaults:1)
  A merfolk avatar (Shoals:1)
  4 satyrs
  2 catoblepae
  7 two-headed ogres
  A tengu warrior (D:14)
  A deep troll shaman (Vaults:1)
  A deep troll earth mage (Vaults:1)
  2 ogre magi (Vaults:2)
  3 death yaks (Shoals:2)
  3 orc high priests (Orc:2)
  A hell knight (D:14)
  2 deep trolls
  3 skeletal warriors
  3 unseen horrors
  A flayed ghost (D:15)
  12 ironbrand convokers
  10 sea snakes
  A wizard (Vaults:1)
  2 wolf spider zombies (D:15)
  2 necromancers
  A fire giant zombie (D:15)
  10 orc knights
  A deep elf mage (D:14)
  5 harpies
  10 orb spiders
  12 manticores
  An oklob plant (D:2)
  29 wolf spiders
  22 fauns
  7 orc sorcerers
  5 cyclopes
  41 ugly things
  4 black mambas
  2 moths of wrath
  A centaur zombie (D:14)
  A frost giant skeleton (Vaults:2)
  14 merfolk sirens
  4 vault sentinels
  4 water nymphs
  2 torpor snails
  Psyche (D:11)
  2 gargoyles (D:14)
  12 spiny frogs
  8 yaktaurs (Vaults:1)
  12 demonic crawlers
  5 rime drakes
  3 freezing wraiths
  4 komodo dragons
  A kobold demonologist (D:15)
  A yaktaur skeleton (Vaults:2)
  A queen bee (Lair:2)
  35 jumping spiders
  40 merfolk
  A meliai (shapeshifter) (Vaults:2)
  7 polar bears
  7 trolls
  7 wind drakes
  4 saltlings (Desolation)
  27 blink frogs
  10 hornets
  7 snapping turtles
  An ettin zombie (Vaults:2)
  A raiju (Lair:6)
  7 slime creatures
  12 dream sheep
  10 water elementals
  A spriggan (D:7)
  16 hippogriffs
  A spriggan (shapeshifter) (Vaults:2)
  3 shadows
  70 redbacks
  36 tarantellas
  3 wraiths (Vaults:1)
  A vampire (D:14)
  A yak (shapeshifter) (Vaults:1)
  39 yaks
  5 wyverns
  4 hungry ghosts
  A basilisk (Lair:6)
  A steam dragon (D:13)
  2 hogs (Shoals:2)
  The ghost of bmj180 the Shield-Bearer, an amateur GrFi (D:4)
  9 wargs
  An acid dragon (D:13)
  14 water moccasins
  11 hell hounds (Lair:6)
  5 porcupines
  2 eyes of draining
  27 orc warriors
  An ice beast (D:3)
  2 sky beasts
  2 phantoms
  4 necrophages
  9 black bears (Lair:6)
  17 wolves
  15 ogres
  20 centaurs
  12 crocodiles
  12 big kobolds
  20 bullfrogs
  A wyvern zombie (D:12)
  A human skeleton (Vaults:2)
  5 scorpions
  A wyvern skeleton (D:13)
  2 water moccasin skeletons
  39 killer bees
  10 wights
  8 electric eels
  2 howler monkeys (D:6)
  9 crimson imps
  3 bullfrog zombies
  A quasit (D:13)
  6 jellies
  2 bullfrog skeletons
  4 centaur skeletons
  4 hounds
  20 orc priests
  29 orc wizards
  8 iguanas
  3 hell rats
  8 worker ants
  A killer bee zombie (D:4)
  A hound zombie (D:8)
  A hound skeleton (D:9)
  A worker ant zombie (D:10)
  12 gnolls
  7 river rats
  14 adders
  4 shadow imps
  An ooze (D:4)
  2 adder zombies (D:5)
  2 adder skeletons
  4 worms
  3 dart slugs
  6 leopard geckos
  91 orcs
  5 bats
  6 giant cockroaches
  6 goblins
  6 hobgoblins
  4 jackals (D:1)
  2 quokkas
  2 ball pythons (D:2)
  3 frilled lizards
  64 kobolds
  A quokka skeleton (D:5)
  A quokka zombie (D:6)
  4 rats
  A spectral orc (D:9)
  3 fungi
  6 plants
1333 creatures vanquished.

Vanquished Creatures (collateral kills)
  Arachne (Spider:3)
  A stone giant (Orc:2)
  A vampire knight (Vaults:1)
  A ragged hierophant (Desolation)
  Harold (D:11)
  2 hydras
  A rakshasa (Vaults:1)
  2 vault guards (Vaults:1)
  A merfolk avatar (Shoals:1)
  3 two-headed ogres
  A dancing weapon (D:14)
  A queen ant (shapeshifter) (Vaults:2)
  A tengu warrior (D:14)
  A hell knight (D:14)
  An ironbrand convoker (Vaults:2)
  4 orb spiders
  2 orc knights (D:14)
  2 wolf spiders
  A fire giant zombie (D:15)
  An iron dragon zombie (D:15)
  3 fauns
  3 manticores
  4 ugly things
  A moth of wrath (Spider:2)
  2 spiny frogs (Lair:6)
  A yaktaur zombie (D:15)
  2 yaktaurs (Vaults:1)
  2 jumping spiders
  3 polar bears (Lair:6)
  2 hornets
  7 dream sheep
  A saltling (Desolation)
  A hippogriff (Lair:6)
  3 blink frogs
  2 raiju (Lair:6)
  5 redbacks
  A vampire (D:13)
  4 yaks
  A water elemental (Shoals:4)
  A wyvern (D:14)
  2 tarantellas
  2 basilisks
  A hog (Shoals:2)
  A warg (Vaults:2)
  3 hell hounds (Lair:6)
  2 orc warriors
  2 black bears (Lair:6)
  6 wolves
  2 crocodiles
  2 orc priests (Orc:2)
  3 orc wizards
  A shadow imp (D:11)
  8 orcs
  2 fungi
  4 plants
119 creatures vanquished.

Vanquished Creatures (others)
  A merfolk impaler (Shoals:4)
  A satyr (Shoals:4)
  2 orc knights
  4 fauns
  2 ugly things (Vaults:1)
  A merfolk (Shoals:2)
  A saltling (Desolation)
  A snapping turtle (Shoals:1)
  An orc warrior (Vaults:2)
  10 fungi
  24 plants
  4 tentacles (Shoals:1)
52 creatures vanquished.

Grand Total: 1504 creatures vanquished

Notes
Turn   | Place    | Note
-------+----------+-------------------------------------------
     0 | D:1      | Stepladder the Merfolk Gladiator began the quest for the
                  | Orb.
     0 | D:1      | Reached XP level 1. HP: 16/16 MP: 1/1
   440 | D:1      | Reached XP level 2. HP: 21/23 MP: 2/2
  1312 | D:2      | Noticed Sigmund
  1399 | D:2      | Reached XP level 3. HP: 28/28 MP: 3/3
  1781 | D:2      | Reached skill level 5 in Dodging
  1781 | D:2      | Reached XP level 4. HP: 30/35 MP: 4/4
  1836 | D:2      | Found a blossoming altar of Fedhas.
  1854 | D:2      | Noticed an oklob plant
  2284 | D:3      | Noticed an ice beast
  2312 | D:3      | Killed an ice beast
  2312 | D:3      | Reached skill level 6 in Dodging
  2312 | D:3      | Reached XP level 5. HP: 39/42 MP: 5/5
  2989 | D:3      | Reached XP level 6. HP: 18/48 MP: 2/6
  3963 | D:4      | Found a runed gate.
  3963 | D:4      | Found a runed gate.
  3963 | D:4      | Found a runed gate.
  3968 | D:4      | Noticed bmj180's ghost (amateur GrFi)
  4035 | D:4      | Reached skill level 7 in Dodging
  4041 | D:4      | Reached skill level 5 in Long Blades
  4613 | D:4      | Reached skill level 1 in Armour
  4615 | D:4      | Reached XP level 7. HP: 44/55 MP: 4/7
  5449 | D:4      | Found an opulent altar of Gozag.
  5449 | D:4      | Found a glowing silver altar of Zin.
  5871 | D:5      | Entered Level 5 of the Dungeon
  5995 | D:5      | Reached skill level 8 in Dodging
  6452 | D:5      | Found a sacrificial altar of Ru.
  6470 | D:5      | Found a shimmering altar of Xom.
  6470 | D:5      | Found a burning altar of Makhleb.
  6470 | D:5      | Found a hazy altar of Hepliaklqana.
  6472 | D:5      | Found a stormy altar of Qazlal.
  6473 | D:5      | Found an ancient bone altar of Kikubaaqudgha.
  6495 | D:5      | Became a worshipper of Makhleb the Destroyer
  6526 | D:5      | Reached skill level 5 in Fighting
  6618 | D:5      | Reached XP level 8. HP: 62/62 MP: 8/8
  7048 | D:5      | Reached skill level 9 in Dodging
  7078 | D:5      | Found a glowing golden altar of the Shining One.
  7266 | D:6      | Found a staircase to the Ecumenical Temple.
  7800 | D:6      | Reached skill level 10 in Dodging
  7816 | D:6      | Reached * piety under Makhleb
  7861 | D:5      | Reached XP level 9. HP: 43/68 MP: 6/9
  8455 | D:6      | Reached ** piety under Makhleb
  8523 | D:6      | Reached skill level 11 in Dodging
  8920 | D:7      | Reached *** piety under Makhleb
  9117 | D:7      | Reached skill level 12 in Dodging
  9296 | D:7      | Reached skill level 1 in Invocations
  9369 | D:7      | Found a white marble altar of Elyvilon.
  9414 | D:7      | Reached XP level 10. HP: 67/78 MP: 8/11
 10015 | D:8      | Found a burning altar of Makhleb.
 10144 | D:7      | Paralysed by a hornet for 1 turns
 10737 | D:8      | Found a deep blue altar of Sif Muna.
 10739 | D:8      | Found a shattered altar of Ashenzari.
 10893 | D:8      | Reached **** piety under Makhleb
 11025 | D:8      | Found a staircase to the Lair.
 11137 | Lair:1   | Entered Level 1 of the Lair of Beasts
 11398 | Lair:1   | Reached skill level 13 in Dodging
 11720 | Lair:1   | Noticed a six-headed hydra
 11738 | Lair:1   | Killed a six-headed hydra
 12017 | Lair:1   | Reached skill level 5 in Invocations
 12202 | Lair:2   | Noticed an eight-headed hydra
 12292 | Lair:1   | Reached XP level 11. HP: 77/88 MP: 12/14
 12353 | Lair:2   | Found a staircase to the Shoals.
 13120 | Lair:2   | Reached skill level 10 in Long Blades
 13171 | Lair:2   | Noticed a manticore
 13195 | Lair:2   | Killed a manticore
 13287 | Lair:2   | Reached skill level 14 in Dodging
 13382 | Lair:2   | Reached skill level 10 in Fighting
 14366 | D:9      | Reached ***** piety under Makhleb
 14591 | D:9      | Found a basalt altar of Yredelemnul.
 14735 | D:10     | Entered Level 10 of the Dungeon
 15271 | D:10     | Reached XP level 12. HP: 97/97 MP: 17/17
 15453 | D:10     | Found Xom Qarr's General Store.
 15461 | D:10     | Bought a scroll of identify for 24 gold pieces
 15461 | D:10     | Bought a scroll of enchant weapon for 90 gold pieces
 15461 | D:10     | Bought a scroll of identify for 24 gold pieces
 15478 | D:10     | Got a clouded granite ring
 15481 | D:10     | Identified the ring "Gor Ydwo" {EV+2 Str+2} (You found it
                  | on level 10 of the Dungeon)
 16125 | D:11     | Reached skill level 15 in Dodging
 16280 | D:11     | Found a staircase to the Orcish Mines.
 16709 | D:11     | Noticed Psyche
 16716 | D:11     | Killed Psyche
 17096 | D:11     | Noticed Harold
 17096 | D:11     | Noticed a two-headed ogre
 17129 | D:11     | Killed Harold
 17135 | D:11     | Killed a two-headed ogre
 17457 | D:12     | Noticed a two-headed ogre
 17466 | D:12     | Killed a two-headed ogre
 17532 | D:12     | Reached skill level 1 in Stealth
 18422 | D:12     | Reached XP level 13. HP: 98/104 MP: 18/20
 18685 | D:12     | Found Redara's Book Boutique.
 18904 | D:12     | Learned a level 2 spell: Passwall
 18991 | D:12     | Reached skill level 16 in Dodging
 19148 | D:12     | Reached skill level 1 in Transmutations
 19148 | D:12     | Reached skill level 10 in Invocations
 19754 | D:13     | Found a gate to the Vaults.
 20075 | D:13     | Found an ancient bone altar of Kikubaaqudgha.
 20377 | D:14     | Noticed a rakshasa
 20398 | D:14     | Killed a rakshasa
 21011 | D:14     | Found a portal to a secret trove of treasure.
 23283 | Lair:3   | Found a hole to the Spider Nest.
 23758 | Lair:4   | Reached XP level 14. HP: 113/113 MP: 22/22
 24048 | Lair:4   | Reached skill level 17 in Dodging
 25509 | Lair:5   | Found a viscous altar of Jiyva.
 25509 | Lair:5   | Found a staircase to the Slime Pits.
 25699 | Lair:6   | Entered Level 6 of the Lair of Beasts
 26691 | Lair:6   | Reached skill level 5 in Armour
 26893 | Lair:6   | Learned a level 2 spell: Call Imp
 27503 | Lair:6   | Reached skill level 1 in Summonings
 28147 | Lair:6   | Reached XP level 15. HP: 122/122 MP: 24/24
 29656 | D:14     | Reached skill level 1 in Shields
 29984 | D:15     | Entered Level 15 of the Dungeon
 30040 | D:15     | Found a sparkling altar of Nemelex Xobeh.
 30496 | D:15     | Found a shadowy altar of Dithmenos.
 30522 | D:15     | Found Wipn's Assorted Antiques.
 30528 | D:15     | Reached skill level 18 in Dodging
 30863 | D:15     | Found a staircase to the Depths.
 30909 | D:15     | Learned a level 2 spell: Swiftness
 30921 | D:15     | Bought a potion of heal wounds for 190 gold pieces
 30921 | D:15     | Bought a pair of glowing gloves for 285 gold pieces
 31536 | Orc:1    | Entered Level 1 of the Orcish Mines
 31923 | Orc:2    | Entered Level 2 of the Orcish Mines
 32100 | Orc:2    | Found a staircase to the Elven Halls.
 32303 | Orc:2    | Found Siuriety's Gadget Emporium.
 32316 | Orc:2    | Noticed an orc warlord
 32486 | Orc:1    | Killed an orc warlord
 33099 | Orc:1    | Reached ****** piety under Makhleb
 33366 | Orc:2    | Reached skill level 5 in Summonings
 33749 | Orc:2    | Found Qiysaov's General Store.
 33749 | Orc:2    | Found Qodwih's General Store.
 33751 | Orc:2    | Found Somam's Weapon Shoppe.
 33751 | Orc:2    | Found Adghaamo's Weapon Shop.
 33757 | Orc:2    | Bought a potion of curing for 48 gold pieces
 33757 | Orc:2    | Bought a potion of curing for 48 gold pieces
 33757 | Orc:2    | Bought a scroll of blinking for 120 gold pieces
 33760 | Orc:2    | Bought the +9 scimitar of Valiance {drain, rF+ rC+ rN+
                  | SInv} for 1224 gold pieces
 33762 | Orc:2    | Bought a scroll of blinking for 135 gold pieces
 34028 | Spider:1 | Entered Level 1 of the Spider Nest
 34071 | Spider:1 | Reached XP level 16. HP: 131/131 MP: 21/25
 34542 | Spider:1 | Learned a level 3 spell: Call Canine Familiar
 34605 | Spider:1 | Gained mutation: You are frail. (-10% HP) [a neqoxec]
 36089 | Spider:1 | Reached skill level 19 in Dodging
 38208 | Spider:2 | Reached skill level 10 in Armour
 38654 | Spider:3 | Reached skill level 1 in Spellcasting
 38972 | Spider:3 | Reached XP level 17. HP: 125/125 MP: 26/26
 39171 | Spider:3 | Noticed Arachne
 39191 | Spider:3 | Killed Arachne
 39191 | Spider:3 | Reached skill level 20 in Dodging
 39779 | Spider:4 | Entered Level 4 of the Spider Nest
 40320 | Spider:3 | Learned a level 3 spell: Summon Guardian Golem
 40530 | Spider:3 | Reached skill level 1 in Hexes
 42524 | Spider:4 | Got a gossamer rune of Zot
 43616 | Temple   | Entered the Ecumenical Temple
 44104 | D:4      | Killed bmj180's ghost
 44881 | Shoals:1 | Entered Level 1 of the Shoals
 45324 | Shoals:1 | Found Loirilit's Antique Weapon Emporium.
 45422 | Shoals:1 | Bought a dazzling scimitar for 288 gold pieces
 45428 | Shoals:1 | Identified the cursed +1 scimitar "Xeylouho" {flame, SInv}
                  | (You bought it in a shop on level 1 of the Shoals)
 45591 | Shoals:1 | Found Tusoc's Antique Armour Boutique.
 45616 | Shoals:1 | Bought an embroidered cloak for 157 gold pieces
 45616 | Shoals:1 | Bought a pair of glowing gloves for 157 gold pieces
 45645 | Shoals:1 | Noticed a kraken
 45871 | Shoals:2 | Noticed Polyphemus
 46097 | Shoals:2 | Noticed Ilsuiw
 46423 | Shoals:2 | Killed Ilsuiw
 46465 | Shoals:2 | Noticed Kirke
 46568 | Shoals:2 | Reached skill level 21 in Dodging
 46568 | Shoals:2 | Reached XP level 18. HP: 133/133 MP: 8/28
 46572 | Shoals:2 | Killed Kirke
 46692 | Shoals:2 | Reached skill level 15 in Fighting
 46867 | Shoals:1 | Learned a level 4 spell: Summon Ice Beast
 47142 | Shoals:2 | Killed Polyphemus
 47356 | Shoals:2 | Noticed Frances
 47366 | Shoals:2 | Killed Frances
 48835 | Shoals:2 | Reached skill level 1 in Ice Magic
 50231 | Shoals:4 | Entered Level 4 of the Shoals
 50231 | Shoals:4 | Found a radiant altar of Vehumet.
 51247 | Shoals:4 | Found a radiant altar of Vehumet.
 51615 | Shoals:4 | Reached skill level 5 in Ice Magic
 51707 | Shoals:4 | Reached skill level 22 in Dodging
 52533 | Shoals:4 | Reached XP level 19. HP: 139/139 MP: 18/30
 52639 | Shoals:4 | Reached skill level 15 in Invocations
 52712 | Shoals:4 | Got a barnacled rune of Zot
 53133 | Vaults:1 | Entered Level 1 of the Vaults
 54199 | Vaults:1 | Reached skill level 10 in Summonings
 54914 | Vaults:1 | Reached skill level 1 in Charms
 55021 | Vaults:1 | Found Yngeum's Antique Weapon Shop.
 55598 | Vaults:2 | Found Qucux's General Store.
 57166 | Vaults:2 | Paralysed by a great orb of eyes for 5 turns
 57840 | Vaults:2 | Found a staircase to the Crypt.
 58112 | Vaults:2 | Reached XP level 20. HP: 147/147 MP: 30/32
 58251 | Vaults:3 | Found a ruined gateway.
 58261 | Desolati | Entered the Desolation of Salt
 58444 | Desolati | HP: 5/147 [crystal guardian/crystal bolt (20)]
 58453 | Desolati | Mangled by a saltling

Skill      XL: |  1  2  3  4  5  6  7  8  9 10 11 12 13 14 15 16 17 18 19 |
---------------+----------------------------------------------------------+-----
Fighting       | 3 4 5 6 7 9 10 11 12 13 14 15 16 | 16.0
Long Blades    | 4 5 6 8 9 10 12 13 14 | 14.0
Dodging        | 5 6 7 8 10 12 13 14 15 16 17 18 19 21 22 | 22.9
Armour         | 1 2 5 8 10 | 10.2
Invocations    | 1 5 7 9 11 12 13 14 16 | 16.0
Stealth        | 2 |  2.0
Transmutations | 4 |  4.5
Summonings     | 1 5 8 9 11 | 11.1
Shields        | 4 |  4.0
Spellcasting   | 2 4 |  4.1
Hexes          | 4 |  4.0
Ice Magic      | 5 |  5.6
Charms         | 1 |  1.1
Throwing       | |  2.0

Action                   |  1- 3 |  4- 6 |  7- 9 | 10-12 | 13-15 | 16-18 | 19-21 || total
-------------------------+-------+-------+-------+-------+-------+-------+-------++-------
Melee: Long sword        |    93 |   188 |   488 |       |       |       |       ||   769
       Scimitar          |       |       |    11 |   777 |   230 |  1464 |   700 ||  3182
       Tailslap          |       |       |     8 |       |     3 |    82 |     7 ||   100
       Dagger            |       |       |       |     3 |       |    32 |       ||    35
       Great sword       |       |       |       |       |   573 |       |       ||   573
       Demon blade       |       |       |       |       |   436 |       |       ||   436
Throw: Tomahawk          |     4 |    17 |       |    15 |    88 |    66 |     3 ||   193
       Stone             |       |    14 |     2 |       |       |       |       ||    16
       Throwing net      |       |       |       |     1 |       |       |       ||     1
 Cast: Call Imp          |       |       |       |       |    22 |   191 |    46 ||   259
       Call Canine Famil |       |       |       |       |       |    71 |     5 ||    76
       Swiftness         |       |       |       |       |       |     2 |       ||     2
       Summon Guardian G |       |       |       |       |       |    58 |    54 ||   112
       Summon Ice Beast  |       |       |       |       |       |       |    30 ||    30
Invok: Minor Destruction |       |       |       |    54 |   454 |   431 |    16 ||   955
       Lesser Servant of |       |       |       |    12 |    50 |    17 |       ||    79
       Major Destruction |       |       |       |     2 |     5 |    10 |     6 ||    23
       Greater Servant o |       |       |       |       |       |     1 |     1 ||     2
Evoke: Wand              |       |       |       |     2 |     3 |     4 |     3 ||    12
       Lightning rod     |       |       |       |       |     1 |       |       ||     1
  Use: Scroll            |       |     8 |     5 |    17 |    10 |    19 |     3 ||    62
       Potion            |       |     2 |     1 |     2 |     1 |     1 |     5 ||    12
 Stab: Sleeping          |       |       |       |     1 |     4 |       |       ||     5
       Distracted        |       |       |       |       |     8 |    10 |     4 ||    22
  Eat: Chunk             |     3 |     5 |    11 |    28 |    33 |    26 |    12 ||   118
       Ration            |       |     1 |     2 |     1 |     7 |    18 |     7 ||    36
Armor: Leather armour    |    20 |       |       |    95 |   111 |       |       ||   226
       Ring mail         |       |    58 |   119 |    19 |    51 |   289 |    80 ||   616
Dodge: Dodged            |    80 |   173 |   459 |   822 |  1434 |  1950 |   516 ||  5434
Block: Buckler           |       |       |       |       |    76 |   494 |   101 ||   671
       Rpst.: Long sword |    18 |    46 |   125 |       |       |       |       ||   189
       Scimitar          |       |       |     3 |   251 |    62 |   356 |   118 ||   790
       Great sword       |       |       |       |       |   261 |       |       ||   261
       Demon blade       |       |       |       |       |    62 |       |       ||    62
